 Dungeon Crawl Stone Soup version 0.25-a0-294-gea9b1ad378 (webtiles) character file.

Game seed: 16958629887830550030, levelgen mode: deterministic

16 MoonlitKnight the Charmwright (level 2, -1/26 HPs)
             Began as a Gnoll Skald on Dec 17, 2019.
             Slain by a crimson imp (2 damage)
             ... on level 3 of the Dungeon.
             The game lasted 00:02:32 (1997 turns).

MoonlitKnight the Charmwright (Gnoll Skald)         Turns: 1997, Time: 00:02:32

Health: -1/26      AC:  3    Str: 13    XL:     2   Next: 58%
Magic:  7/7        EV: 14    Int: 15    God:
Gold:   119        SH:  0    Dex: 14    Spells: 7/10 levels left

rFire    . . .     SeeInvis .   a - +0 spear
rCold    . . .     Gourm    .   (no shield)
rNeg     . . .     Faith    .   i - +0 leather armour
rPois    .         Spirit   .   (no helmet)
rElec    .         Reflect  .   (no cloak)
rCorr    .         Harm     .   (no gloves)
MR       .....                  (no boots)
Stlth    +.........             (no amulet)
HPRegen  0.08/turn              (no ring)
MPRegen  0.10/turn              (no ring)

@: starving
A: distributed training, fangs 1, strong nose
a: no special abilities


You were on level 3 of the Dungeon.
You were starving.

You visited 1 branch of the dungeon, and saw 3 of its levels.

You collected 119 gold pieces.

Inventory:

Hand Weapons
 a - a +0 spear (weapon)
 b - a +0 hunting sling
Armour
 i - a +0 leather armour (worn)
Scrolls
 e - 3 scrolls of identify {unknown}
 g - a scroll of fog {unknown}
 h - a scroll of noise {unknown}
 k - a scroll of immolation {unknown}
Potions
 c - a potion of agility {unknown}
 f - a potion of might {unknown}
 j - a potion of mutation {unknown}
Comestibles
 d - 7 rations


   Skills:
 + Level 4.5 Fighting
 + Level 0.4 Short Blades
 + Level 0.4 Long Blades
 + Level 0.4 Axes
 + Level 0.4 Maces & Flails
 + Level 4.5 Polearms
 + Level 0.4 Staves
 + Level 0.4 Slings
 + Level 0.4 Bows
 + Level 0.4 Crossbows
 + Level 0.4 Throwing
 + Level 2.5 Armour
 + Level 4.5 Dodging
 + Level 0.4 Stealth
 + Level 0.4 Shields
 + Level 0.4 Unarmed Combat
 + Level 4.9 Spellcasting
 + Level 0.2 Conjurations
 + Level 0.2 Hexes
 + Level 5.3 Charms
 + Level 0.2 Summonings
 + Level 0.2 Necromancy
 + Level 0.2 Translocations
 + Level 0.2 Transmutations
 + Level 0.2 Fire Magic
 + Level 0.2 Ice Magic
 + Level 0.2 Air Magic
 + Level 0.2 Earth Magic
 + Level 0.2 Poison Magic
 + Level 0.5 Invocations
 + Level 0.4 Evocations


You had 7 spell levels left.
You knew the following spells:

 Your Spells              Type           Power        Failure   Level  Hunger
a - Infusion              Chrm           ###.         2%          1    None
b - Shroud of Golubria    Chrm/Tloc      ##....       10%         2    ##.....

Your spell library contained the following spells:

 Spells                   Type           Power        Failure   Level  Hunger
 Song of Slaying          Chrm           ###.....     3%          2    ##.....
 Regeneration             Chrm/Necr      ##........   21%         3    ###....
 Spectral Weapon          Hex/Chrm       ##......     21%         3    ###....


Dungeon Overview and Level Annotations

Branches:
Dungeon (3/15)

Altars:
Ashenzari
Hepliaklqana
Nemelex Xobeh
Ru
Zin


Innate Abilities, Weirdness & Mutations

Your experience applies equally to all skills.
You have very sharp teeth.
Your uncanny sense of smell can sniff out nearby items.


Message History

The crimson imp is moderately wounded.
The crimson imp hits you.
* * * LOW HITPOINT WARNING * * *
You hit the crimson imp but do no damage.
The crimson imp is moderately wounded.
The crimson imp misses you.
You completely miss the crimson imp.
The crimson imp is lightly wounded.
The crimson imp barely misses you.
You hit the crimson imp.
The crimson imp is moderately wounded.
The crimson imp barely misses you.
You hit the crimson imp but do no damage.
The crimson imp is moderately wounded.
The crimson imp blinks!
A worm comes into view.
You barely miss the crimson imp. Your bite misses the crimson imp.
The crimson imp is lightly wounded.
The crimson imp hits you.
You die...

#.# #.#
#.#########
#.........#
#########.# #.#
###########.##
#..........ยง.#
#.#########@.#
### ##5.# ..
#...# #. #...#
.#####.##...#
..$......[..#
######.##.###
#. #.# #. #.#


You could see a crimson imp.

Vanquished Creatures
  A leopard gecko (D:2)
  2 bats (D:1)
  3 hobgoblins
  A frilled lizard (D:2)
  3 goblins
  2 kobolds (D:1)
  2 rats (D:1)
14 creatures vanquished.

Notes
Turn   | Place    | Note
-------+----------+-------------------------------------------
     0 | D:1      | MoonlitKnight the Gnoll Skald began the quest for the Orb.
     0 | D:1      | Reached XP level 1. HP: 20/20 MP: 6/6
   201 | D:1      | Reached XP level 2. HP: 20/26 MP: 7/7
   947 | D:2      | Learned a level 2 spell: Shroud of Golubria
  1031 | D:2      | Found a sparkling altar of Nemelex Xobeh.
  1038 | D:2      | Found a sacrificial altar of Ru.
  1039 | D:2      | Found a shattered altar of Ashenzari.
  1039 | D:2      | Found a glowing silver altar of Zin.
  1042 | D:2      | Found a hazy altar of Hepliaklqana.
  1880 | D:3      | Noticed a crimson imp
  1990 | D:3      | HP: 1/26 [crimson imp (2)]
  1997 | D:3      | Slain by a crimson imp

Levels and vault maps discovered:
D:1:      dpeg_arrival_simpleton_a, layout_loops_ring, serial_forest,
          infiniplex_forest_end_1, infiniplex_forest_pool,
          infiniplex_forest_pool, infiniplex_forest_end_3,
          infiniplex_forest_clump_cross, infiniplex_forest_end_2,
          infiniplex_forest_zigzag_2, minmay_box_of_dots
D:2:      layout_loops_ring, minitemple
D:3:      layout_loops_ring, first_ration

Action                   || total
-------------------------++-------
Melee: Spear             ||   121
       Bite              ||     5
 Cast: Shroud of Golubri ||     4
       Infusion          ||     2
 Stab: Sleeping          ||     1
  Eat: Chunk             ||     1
Armor: Leather armour    ||     9
Dodge: Dodged            ||    59

Table legend:
 A = Non-vault XP
 B = Vault XP
 C = Vault XP percentage of total XP
 D = Non-vault monster count
 E = Vault monster count
 F = Vault count percentage of total count
                 A         B        C        D         E       F
            +---------+---------+-------+---------+---------+-------
      Total |      21 |       3 |  12.5 |      12 |       2 |  14.3
            +---------+---------+-------+---------+---------+-------
        D:1 |      13 |       3 |  18.8 |       8 |       2 |  20.0
        D:2 |       8 |       0 |   0.0 |       4 |       0 |   0.0
            +---------+---------+-------+---------+---------+-------
